 Seeded DCSS version 0.26-a0-846-gcc8f1ee719 (webtiles) character file.

Game seed: 17776721189989865253 (custom seed)

1502 sahdkjhfkaj the Fighter (level 8, 0/76 HPs)
             Began as a Barachi Summoner on Nov 19, 2020.
             Was an Initiate of Gozag.
             Slain by a centaur
             ... wielding a +0 war axe
              (14 damage)
             ... on level 7 of the Dungeon.
             The game lasted 00:17:54 (14341 turns).

sahdkjhfkaj the Fighter (Barachi Summoner)         Turns: 14341, Time: 00:17:55

Health: 0/76       AC:  2    Str: 11    XL:     8   Next: 82%
Magic:  12/12      EV: 12    Int: 17    God:    Gozag
Gold:   1138       SH:  0    Dex: 12    Spells: 7/13 levels left

rFire    . . .     SeeInvis .   a - +2 short sword (venom)
rCold    . . .     Faith    .   (no shield)
rNeg     + . .     Spirit   .   f - +0 robe
rPois    .         Reflect  .   (no helmet)
rElec    .         Harm     .   (no cloak)
rCorr    .         Rampage  .   (no gloves)
MR       +....                  (no boots)
Stlth    ++........             (no amulet)
HPRegen  0.22/turn              q - ring of positive energy
MPRegen  0.13/turn              r - ring of protection from magic

@: brilliant, slow
A: +LOS, swims, slowness 1, strong legs 1
a: Hop, Potion Petition, Call Merchant, Bribe Branch, Renounce Religion


You were on level 7 of the Dungeon.
You worshipped Gozag.
Gozag was most pleased with you.
You visited 1 branch of the dungeon, and saw 7 of its levels.

You collected 1159 gold pieces.
You paid 21 gold pieces to Gozag.

Inventory:

Hand Weapons
 a - a +2 short sword of venom (weapon)
Armour
 f - a +0 robe (worn)
Jewellery
 j - an uncursed ring of fire
 q - a ring of positive energy (left hand)
 r - a ring of protection from magic (right hand)
Scrolls
 c - a scroll of blinking {!r}
 d - a scroll of enchant weapon {!r}
 e - 2 scrolls of remove curse {!r}
 h - 2 scrolls of magic mapping {!r}
 i - a scroll of fog {!r}
 k - a scroll of fear {!r}
 n - a scroll of summoning {!r, unknown}
 o - a scroll of amnesia {!r}
 s - a scroll of identify {!r}
Potions
 b - 2 potions of curing {!q}
 g - a potion of haste {!q, unknown}
 l - a potion of degeneration {!q, unknown}
 m - a potion of resistance {!q, unknown}
 p - a potion of brilliance {!q}


   Skills:
 - Level 12.0 Fighting
 - Level 2.1 Dodging
 - Level 1.7 Stealth
 - Level 3.0 Spellcasting
 + Level 5.2 Summonings


You had 7 spell levels left.
You knew the following spells:

 Your Spells              Type           Power        Failure   Level
a - Summon Small Mammal   Summ           ####         1%          1
b - Call Imp              Summ           ####....     3%          2
c - Call Canine Familiar  Summ           ####....     6%          3

Your spell library contained the following spells:

 Spells                   Type           Power        Failure   Level
 Animate Skeleton         Necr           #.....       17%         1
 Pain                     Necr           #...         17%         1
 Summon Guardian Golem    Hex/Summ       ###.....     19%         3
 Vampiric Draining        Necr           #.........   45%         3
 Summon Ice Beast         Ice/Summ       ###.....     52%         4
 Summon Lightning Spire   Summ/Air       ###.....     52%         4
 Animate Dead             Necr           #.........   86%         4
 Agony                    Necr           #.......     99%         5


Dungeon Overview and Level Annotations

Branches:
Dungeon (7/15)             Temple (0/1) D:4

Altars:
Gozag
Trog
Xom
Zin

Annotations:
D:6 exclusion: zombie


Innate Abilities, Weirdness & Mutations

You can be seen from farther away. (+LOS)
You can swim through water.
You cover ground slowly.
You can hop short distances.


Message History

You completely miss the centaur.
The centaur is lightly wounded.
Your hound bites the ufetubus.
The centaur closely misses you. The ufetubus misses you.
The ufetubus barely misses you.
Your hound barely misses the ufetubus.
The centaur misses you.
Unknown command.
You barely miss the centaur.
The centaur is lightly wounded.
The ufetubus hits you.
* * * LOW HITPOINT WARNING * * *
The ufetubus hits you.
* * * LOW HITPOINT WARNING * * *
Your hound barely misses the ufetubus.
The centaur closely misses you. The ufetubus misses you.
The ufetubus closely misses you.
Unknown command.
You hit the centaur.
The centaur looks as sick as possible!
The centaur is moderately wounded.
Your hound barely misses the ufetubus.
The centaur hits you with a +0 war axe!
You die...
Your body crumbles into a pile of gold.

..####..........
..........>....#
...............#
...!...........##
...............##
..............#
............
#..c....#
#@5....#
##h....##
#.......#..# ..
##...(($....# ..#
#...(##..^..# ..#
##..### ######
..# #..## #..#
#.(#
##..######..#


You could see a centaur (extremely poisoned), an ufetubus and a friendly hound
(summoned).

Vanquished Creatures
  An ice beast (D:6)
  A phantom (D:6)
  A big kobold (D:3)
  2 scorpions
  A quasit (D:5)
  A hound (D:4)
  A jelly (D:6)
  An orc priest (D:6)
  3 iguanas
  3 orc wizards
  8 worker ants
  A hound skeleton (D:7)
  A howler monkey zombie (D:5)
  3 gnolls (D:5)
  10 adders
  A shadow imp (D:5)
  A white imp (D:7)
  3 ufetubi
  An ooze (D:5)
  2 worms
  5 leopard geckos
  11 orcs
  9 bats
  5 giant cockroaches
  A goblin (D:3)
  5 hobgoblins
  14 jackals
  3 quokkas
  2 ball pythons
  6 frilled lizards
  A jackal skeleton (D:5)
  4 kobolds
  A leopard gecko skeleton (D:5)
  4 rats
117 creatures vanquished.

Vanquished Creatures (collateral kills)
  2 orc warriors
  3 ogres
  A necrophage (D:5)
  Blork the orc (D:6)
  2 bullfrogs (D:7)
  A centaur skeleton (D:7)
  2 orc wizards
  A shadow imp (D:7)
  A white imp (D:7)
  A worm (D:3)
  A dart slug (D:1)
  9 orcs
  A goblin (D:1)
  3 hobgoblins (D:1)
  8 bats (D:1)
  A frilled lizard (D:1)
  5 kobolds (D:1)
  4 rats (D:1)
47 creatures vanquished.

Vanquished Creatures (others)
  3 plants (D:1)
3 creatures vanquished.

Grand Total: 167 creatures vanquished

Notes
Turn   | Place    | Note
-------+----------+-------------------------------------------
     0 | D:1      | sahdkjhfkaj the Barachi Summoner began the quest for the
                  | Orb.
     0 | D:1      | Reached XP level 1. HP: 13/13 MP: 3/3
    45 | D:1      | Reached skill level 5 in Summonings
   108 | D:1      | Reached XP level 2. HP: 5/19 MP: 0/5
   601 | D:1      | Learned a level 2 spell: Call Imp
  1223 | D:1      | Reached skill level 1 in Fighting
  1815 | D:2      | Reached XP level 3. HP: 27/27 MP: 7/7
  1836 | D:2      | Learned a level 3 spell: Call Canine Familiar
  1867 | D:2      | Reached skill level 2 in Fighting
  2113 | D:2      | Found an opulent altar of Gozag.
  2120 | D:2      | Became a worshipper of Gozag Ym Sagoz the Greedy
  2340 | D:2      | Reached skill level 3 in Fighting
  2613 | D:3      | Reached XP level 4. HP: 20/35 MP: 8/8
  3044 | D:3      | Reached skill level 4 in Fighting
  3163 | D:3      | Noticed a big kobold
  3191 | D:3      | Killed a big kobold
  3192 | D:3      | Reached skill level 5 in Fighting
  3192 | D:3      | Reached XP level 5. HP: 20/44 MP: 7/9
  4491 | D:4      | Found a shimmering altar of Xom.
  4491 | D:4      | Found a glowing silver altar of Zin.
  4491 | D:4      | Noticed an angel
  7054 | D:4      | Reached skill level 6 in Fighting
  7192 | D:4      | Noticed an ogre
  7213 | D:4      | Killed an ogre
  7214 | D:4      | Reached XP level 6. HP: 21/53 MP: 3/10
  7485 | D:4      | Reached skill level 7 in Fighting
  7799 | D:4      | Found a staircase to the Ecumenical Temple.
  8022 | D:5      | Entered Level 5 of the Dungeon
  8177 | D:5      | Reached XP level 7. HP: 41/61 MP: 11/11
  8385 | D:5      | Reached skill level 8 in Fighting
  8707 | D:5      | Reached skill level 9 in Fighting
  9453 | D:5      | Found a bloodstained altar of Trog.
  9672 | D:6      | HP: 1/63 [ogre/+0 giant club (18)]
 10044 | D:6      | Reached XP level 8. HP: 69/72 MP: 12/12
 10069 | D:6      | Reached skill level 10 in Fighting
 10894 | D:5      | HP: 1/74 [poisoned by an orc warrior]
 11519 | D:6      | Noticed Blork the orc
 11540 | D:6      | Killed Blork the orc
 11657 | D:6      | Reached skill level 11 in Fighting
 13606 | D:7      | Reached skill level 12 in Fighting
 14341 | D:7      | Slain by a centaur

Illustrated notes

Levels and vault maps discovered:
D:1:      tarquinn_simple_flora_water_b, layout_rooms, minmay_misc_feat_columns,
          kennysheep_minor_cross
D:2:      minmay_chambers_of_ones, layout_rooms, grunt_gozag_statues,
          minmay_misc_feat_pillars, hex_medium
D:3:      layout_basic, grunt_decor_one_mirror
D:4:      layout_basic, grunt_temple_overflow_order_and_chaos_1,
          minmay_temple_entry_antechambers, mrwooster_statue_mirror,
          minmay_stone_trees_small, nrook_mini_backslash
D:5:      layout_loops_ring, lightli_temple_of_fire, gup_sewer_entry_bowl,
          minmay_misc_feat_encased
D:6:      layout_gridville, uniq_blork_the_orc
D:7:      layout_layer_cave, minmay_quadrilaterals

Skill      XL: |  1  2  3  4  5  6  7  8 |
---------------+-------------------------+-----
Summonings     | 5 |  5.2
Spellcasting   | 3 |  3.0
Fighting       | 1 3 5 6 7 9 12 | 12.0
Dodging        | |  2.1
Stealth        | |  1.7

Action                   |  1- 3 |  4- 6 |  7- 9 || total
-------------------------+-------+-------+-------++-------
Melee: Unarmed           |    59 |       |       ||    59
       Short sword       |    71 |   131 |   226 ||   428
 Cast: Summon Small Mamm |    17 |       |       ||    17
       Call Imp          |     8 |     6 |    21 ||    35
       Call Canine Famil |     1 |     9 |    28 ||    38
 Abil: Hop               |     1 |     1 |     7 ||     9
  Use: Potion            |     6 |       |     3 ||     9
       Scroll            |     1 |     5 |     6 ||    12
 Stab: Sleeping          |     2 |       |     6 ||     8
       Distracted        |       |     2 |     2 ||     4
Armor: Robe              |    50 |    13 |    34 ||    97
Dodge: Dodged            |   149 |    75 |   197 ||   421

Table legend: (Time is in decaauts)
 A = Elapsed time spent in this place.
 B = Non-inter-level travel time spent in this place.
 C = Inter-level travel time spent in this place.
 D = Time resting spent in this place.
 E = Time spent auto-exploring this place.
 F = Levels seen in this place.
 G = Mean time per level.
                   A        B        C        D        E       F      G
               +--------+--------+--------+--------+--------+-----+--------+
         Total |  15188 |  14875 |    313 |   5087 |   7870 |   7 | 2169.7 |
       Dungeon |  15188 |  14875 |    313 |   5087 |   7870 |   7 | 2169.7 |
               +--------+--------+--------+--------+--------+-----+--------+

Top non-repeatable levels by time:
     D:4: 3612 daAuts
     D:5: 2323 daAuts
     D:6: 2213 daAuts
     D:7: 2168 daAuts
     D:3: 1946 daAuts
     D:1: 1902 daAuts
     D:2: 1021 daAuts
